Map: Odyssey LE

Players

Time - Winner!

  • Race: Protoss Protoss
  • League: Gold
  • Spawn Location: 11:00

Yata

  • Race: Zerg Zerg
  • League: Gold
  • Spawn Location: 5:00

VOD

Have the link to the VOD?

Description

Time

  • Played on: Sept. 8, 2017, 12:28 a.m.
  • Length: 16:15
Show
View Real Time Build Order
Export as new Build Order

Time Protoss - Winner!

Build Orders: 1 Gate Expand, Zealot Archon 

Get SALT Encoding   

  12  0:01  Probe (Chrono Boost)  
  13  0:16  Pylon  
  13  0:23  Probe (Chrono Boost)  
  14  0:36  Probe (Chrono Boost)  
  14  0:38  Assimilator  
  14  0:42  Gateway  
  15  0:46  Probe (Chrono Boost)  
  17  0:57  Probe (Chrono Boost)  
  17  1:25  Nexus  
  17  1:31  Probe (Chrono Boost)  
  18  1:35  Assimilator  
  18  1:49  Cybernetics Core  
  18  1:56  Pylon  
  18  1:59  Probe (Chrono Boost)  
  19  2:09  Probe (Chrono Boost)  
  20  2:25  Gateway  
  20  2:27  Warp Gate  
  20  2:29  Adept (Chrono Boost)  
  22  2:33  Probe  
  22  2:36  Probe  
  24  2:45  Probe  
  25  2:54  Pylon  
  25  2:58  Probe  
  25  3:04  Stargate  
  26  3:08  Sentry (Chrono Boost)  
  26  3:10  Probe  
  29  3:15  Probe  
  30  3:22  Probe  
  30  3:25  Sentry (Chrono Boost)  
  33  3:35  Twilight Council  
  33  3:40  Gateway  
  33  3:46  Gateway  
  33  3:52  Pylon  
  33  3:54  Sentry (Chrono Boost)  
  35  3:59  Adept (Chrono Boost)  
  37  4:06  Oracle (Chrono Boost)  
  40  4:13  Probe  
  40  4:14  Probe  
  42  4:19  Charge  
  42  4:24  Assimilator  
  42  4:26  Probe  
  43  4:38  Adept  
  43  4:39  Adept  
  43  4:40  Stalker  
  49  4:58  Probe  
  49  4:59  Probe  
  51  5:05  Assimilator  
  51  5:10  Probe  
  51  5:11  Probe  
  53  5:14  Adept  
  53  5:15  Adept, Stalker  
  59  5:22  Pylon  
  59  5:23  Probe  
  59  5:27  Mothership Core  
  62  5:39  Pylon  
  62  5:40  Probe  
  65  5:43  Phoenix (Chrono Boost)  
  65  5:47  Pylon  
  65  5:52  Probe (Chrono Boost)  
  65  5:54  Probe (Chrono Boost)  
  67  6:03  Probe (Chrono Boost)  
  68  6:08  Sentry, Probe (Chrono Boost)  
  68  6:09  Robotics Facility  
  71  6:17  Templar Archives  
  71  6:22  Probe x2 (Chrono Boost)  
  74  6:32  Probe (Chrono Boost)  
  74  6:33  Probe (Chrono Boost)  
  75  6:41  Zealot  
  75  6:43  Probe (Chrono Boost)  
  78  7:01  Pylon  
  78  7:05  Pylon  
  78  7:06  Robotics Facility  
  78  7:10  Pylon  
  78  7:17  Pylon  
  78  7:19  Probe x2 (Chrono Boost)  
  78  7:21  Robotics Facility  
  80  7:30  Probe (Chrono Boost)  
  80  7:33  Nexus  
  80  7:35  High Templar x2  
  80  7:36  High Templar x2, Pylon  
  89  7:37  Pylon  
  89  7:41  Observer  
  89  7:42  Archon  
  89  7:43  Archon  
  90  7:45  Probe (Chrono Boost)  
  90  7:48  Robotics Facility  
  91  7:55  Probe (Chrono Boost)  
  91  7:58  Gateway x2  
  92  8:01  Gateway  
  92  8:03  Gateway  
  92  8:05  Gateway  
  92  8:07  Pylon  
  92  8:09  Pylon  
  92  8:16  Immortal (Chrono Boost)  
  92  8:19  High Templar  
  98  8:20  High Templar x2  
  86  8:37  Immortal (Chrono Boost)  
  90  8:42  Forge  
  90  8:45  Forge  
  90  8:56  Immortal (Chrono Boost), Psionic Storm  
  90  9:01  Probe  
  94  9:04  Probe  
  94  9:05  Probe  
  94  9:08  High Templar  
  99  9:12  High Templar, Probe  
  99  9:16  Probe  
  103  9:17  Probe  
  103  9:19  Archon  
  103  9:22  Probe  
  105  9:28  Observer (Chrono Boost)  
  105  9:29  Probe  
  105  9:30  Warp Prism (Chrono Boost)  
  109  9:32  Pylon  
  109  9:39  Pylon  
  109  9:40  Protoss Ground Weapons Level 1, Pylon  
  109  9:41  Protoss Ground Armor Level 1, Probe  
  109  9:44  Assimilator  
  110  9:50  Assimilator  
  110  9:51  Probe  
  111  9:54  Probe x2  
  111  9:58  Gateway  
  113  10:00  Gateway  
  113  10:01  Pylon, Probe  
  113  10:06  Zealot, Probe  
  117  10:07  Zealot x3  
  117  10:10  Sentry  
  117  10:11  Sentry  
  117  10:12  Sentry, Probe  
  129  10:26  Zealot  
  129  10:27  Zealot x3  
  129  10:28  Zealot x2  
  141  10:35  Immortal (Chrono Boost)  
  145  10:41  Immortal (Chrono Boost)  
  149  10:50  Probe  
  150  11:00  Probe  
  150  11:03  High Templar x3  
  150  11:04  High Templar  
  159  11:05  High Templar  
  161  11:11  Zealot x2  
  161  11:12  Zealot x4  
  161  11:14  Archon  
  161  11:15  Archon  
  173  11:23  Nexus  
  173  11:24  Pylon  
  173  11:26  Pylon  
  173  11:27  Pylon  
  173  11:31  Pylon  
  173  11:42  Pylon  
  173  11:44  Immortal x2 (Chrono Boost)  
  173  11:46  Protoss Ground Weapons Level 2  
  181  11:48  Pylon  
  181  11:53  Photon Cannon  
  181  11:54  Photon Cannon  
  181  12:01  Photon Cannon  
  181  12:05  High Templar  
  181  12:06  High Templar x2  
  181  12:07  High Templar  
  189  12:11  Sentry  
  189  12:14  Archon  
  191  12:15  Archon  
  191  12:19  High Templar  
  191  12:21  Zealot x3  
  155  12:45  Probe  
  155  12:48  Probe  
  157  12:54  Assimilator  
  157  12:56  Probe  
  155  12:58  Assimilator  
  155  12:59  Zealot x2, Photon Cannon  
  155  13:00  Zealot x2, Photon Cannon, Probe  
  155  13:01  Photon Cannon  
  155  13:03  Photon Cannon  
  160  13:06  Probe  
  160  13:12  Probe  
  162  13:13  Archon  
  162  13:17  Probe  
  161  13:24  Archon  
  161  13:32  Stalker x3  
  161  13:33  Stalker x5  
  161  13:34  Stalker  
  179  13:37  Stalker  
  163  13:53  Stalker x2  
  163  13:55  Stalker x4  
  173  13:56  Stalker x4  
  175  14:38  Stalker  
  175  14:39  Stalker x3  
  175  14:40  Stalker x3  
  175  14:41  Stalker x4  
  189  14:47  Pylon  
  181  15:03  High Templar x2  
  181  15:04  High Templar  
  187  15:07  Zealot  
  187  15:08  Zealot x3  
  187  15:09  Zealot x2, Probe  
  199  15:22  Nexus  
  198  15:39  Pylon  
  198  15:40  Forge  
  198  15:48  Pylon  
Show
View Real Time Build Order
Export as new Build Order

Yata Zerg 

Build Orders: Hatch First 

Get SALT Encoding   

  12  0:01  Drone  
  13  0:13  Overlord  
  13  0:22  Drone  
  14  0:32  Drone x2  
  16  0:35  Drone  
  17  0:56  Drone  
  18  0:57  Hatchery  
  17  1:05  Drone  
  18  1:15  Extractor  
  17  1:18  Spawning Pool  
  17  1:19  Drone  
  17  1:21  Drone  
  18  1:29  Drone  
  19  1:43  Drone  
  20  1:51  Drone  
  21  2:01  Overlord  
  21  2:09  Queen  
  21  2:14  Zergling x4  
  25  2:16  Queen  
  25  2:20  Drone  
  28  2:24  Drone  
  28  2:26  Metabolic Boost  
  29  2:32  Drone  
  30  2:39  Drone  
  30  2:40  Baneling Nest  
  30  2:47  Extractor  
  30  2:50  Drone x2  
  31  2:55  Drone x2  
  33  3:11  Drone x2  
  35  3:15  Overlord  
  35  3:27  Drone  
  35  3:33  Drone x3  
  35  3:34  Drone x3  
  42  3:41  Lair  
  42  3:51  Evolution Chamber  
  41  3:57  Baneling x3  
  41  3:58  Baneling  
  41  4:05  Zergling x6  
  41  4:09  Spore Crawler  
  43  4:10  Overlord x4, Spore Crawler  
  42  4:21  Zerg Melee Weapons Level 1  
  42  4:29  Zergling x2  
  42  4:30  Zergling x12  
  49  4:33  Baneling x2  
  49  4:35  Drone x2  
  51  4:47  Hatchery  
  49  5:04  Overlord x2  
  48  5:11  Centrifical Hooks  
  48  5:26  Extractor  
  48  5:27  Zergling x12, Extractor  
  51  5:39  Queen x2, Evolution Chamber  
  51  5:40  Overlord x3  
  54  5:55  Drone x6  
  60  6:05  Drone x2, Queen  
  64  6:19  Spire  
  64  6:21  Spire  
  64  6:22  Drone x5  
  64  6:23  Drone x2  
  69  6:31  Drone x3  
  72  6:35  Zerg Ground Armor Level 1  
  72  6:46  Drone x6  
  78  6:59  Spore Crawler  
  78  7:00  Drone x2  
  79  7:01  Drone  
  80  7:10  Extractor  
  80  7:12  Extractor  
  80  7:13  Pneumatized Carapace  
  79  7:22  Zergling x2  
  79  7:23  Zergling x26  
  92  7:34  Drone x2  
  94  7:51  Hatchery  
  94  7:52  Baneling x6  
  94  7:56  Corruptor  
  94  7:57  Corruptor x4  
  103  8:08  Queen  
  90  8:30  Zergling x2  
  90  8:31  Zergling x30  
  92  8:41  Zerg Flyer Armor Level 1  
  92  8:42  Zerg Flyer Weapons Level 1  
  92  8:43  Corruptor x3  
  92  8:46  Zergling x2  
  92  8:47  Zergling x6  
  102  8:50  Baneling  
  102  9:02  Baneling x5  
  102  9:04  Zergling x14  
  102  9:08  Zerg Melee Weapons Level 2  
  109  9:24  Corruptor  
  109  9:27  Overlord  
  109  9:28  Overlord x5  
  111  9:34  Zerg Ground Armor Level 2  
  111  9:40  Infestation Pit  
  111  9:41  Queen  
  112  9:47  Drone  
  112  9:48  Drone x3  
  112  9:49  Drone  
  117  9:59  Zergling x2  
  118  10:00  Zergling x14  
  118  10:06  Corruptor  
  117  10:27  Zergling x2  
  117  10:28  Zergling x22  
  112  10:41  Zergling x2  
  112  10:42  Zergling x12  
  119  10:49  Zergling x4  
  121  10:55  Drone x2  
  123  11:04  Hive  
  123  11:07  Zergling x8  
  123  11:10  Baneling x3  
  123  11:11  Baneling x6  
  127  11:12  Baneling x6  
  127  11:13  Baneling x3  
  127  11:19  Zerg Flyer Weapons Level 2  
  127  11:25  Zergling x22  
  134  11:26  Zergling x8  
  134  11:30  Baneling x8  
  134  11:32  Zergling x2  
  134  11:33  Zergling x2  
  135  11:51  Zergling x2  
  135  11:52  Zergling x24  
  148  11:56  Baneling x10  
  148  12:00  Corruptor  
  150  12:13  Corruptor x4  
  158  12:21  Greater Spire  
  102  12:39  Zergling x18  
  102  12:40  Zergling x20  
  121  12:55  Zergling x2  
  121  12:56  Zergling x24  
  134  13:04  Zergling x4  
  117  13:15  Zergling x4  
  117  13:16  Zergling x2  
  74  13:57  Brood Lord x9  
  82  14:10  Hatchery  
  60  14:21  Corruptor  
Tags
 
Composition
Zealot Archon
League
GoldGold
Matchup
PvZ
Replay Pack
Pack 1
Spawn Locations
Cross Positions
Add a new tag
Caveats
  • Supply blocks, unpowered buildings, or Contaminate may cause inaccurate times.
  • Supply counts are checked every 10 seconds.